 Dungeon Crawl Stone Soup version 0.22.1-1-ga44c0e5 (webtiles) character file.

31171 Zebedee the Brawler (level 13, -3/117 HPs)
             Began as a Troll Earth Elementalist on Sept 30, 2018.
             Was the Champion of Makhleb.
             Slain by a phantasmal warrior (33 damage)
             ... led by a death knight
             ... on level 14 of the Dungeon.
             The game lasted 00:53:26 (13284 turns).

Zebedee the Brawler (Troll Earth Elementalist)     Turns: 13284, Time: 00:53:26

Health: -3/117     AC: 11    Str: 21    XL:     13   Next: 24%
Magic:  15/15      EV:  7    Int: 13    God:    Makhleb [******]
Gold:   821        SH: 22    Dex: 10    Spells: 10/14 levels left

rFire    . . .     SeeInvis +     - Unarmed
rCold    + . .     Gourm    +   l - +1 large shield {reflect}
rNeg     . . .     Faith    .   V - +1 troll leather armour
rPois    .         Spirit   .   r - +2 hat
rElec    .         Reflect  +   J - +0 cloak
rCorr    .         Harm     .   (gloves unavailable)
MR       .....                  (boots unavailable)
Stlth    +.........             k - +6 amulet of reflection
HPRegen  1.09/turn              Q - ring of protection from cold
MPRegen  0.14/turn              o - ring of see invisible

@: vulnerable, slowed, very slow
A: large, unfitting armour, claws 3, fast metabolism 3, gourmand, regeneration
1, shaggy fur 1, tough skin 2
a: Minor Destruction, Lesser Servant of Makhleb, Major Destruction, Greater
Servant of Makhleb, Renounce Religion


You were on level 14 of the Dungeon.
You worshipped Makhleb.
Makhleb was exalted by your worship.
You were very full.

You visited 1 branch of the dungeon, and saw 15 of its levels.
You also visited: Ossuary.

You collected 997 gold pieces.
You spent 176 gold pieces at shops.

Inventory:

Hand Weapons
 I - a +4 short sword of flaming
Missiles
 b - 155 stones
 j - 3 throwing nets
 C - 33 poisoned needles
 U - 20 large rocks (quivered)
Armour
 l - a +1 large shield of reflection (worn)
 r - a +2 hat (worn)
 t - a +0 shield
 J - a +0 cloak (worn)
 V - a +1 troll leather armour (worn)
Jewellery
 k - a +6 amulet of reflection (around neck)
 n - an uncursed ring of poison resistance
 o - a ring of see invisible (right claw)
 E - an uncursed ring of stealth
 H - an uncursed amulet of magic regeneration
 Q - a ring of protection from cold (left claw)
Wands
 c - a wand of iceblast (34)
 p - a wand of paralysis (10)
 q - a wand of polymorph (13)
 y - a wand of digging (11)
 G - a wand of flame (12)
 L - a wand of disintegration (14)
 O - a wand of acid (5)
 S - a wand of clouds (2)
Scrolls
 a - 4 scrolls of teleportation
 f - 4 scrolls of remove curse
 g - 5 scrolls of amnesia
 v - 2 scrolls of fear
 x - a scroll of vulnerability {unknown}
 F - a scroll of fog
 K - 4 scrolls of immolation
 R - a scroll of enchant weapon
Potions
 e - a potion of might
 i - 2 potions of agility
 m - 5 potions of brilliance
 s - 8 potions of curing
 u - 2 potions of lignification
 w - 5 potions of heal wounds
 z - a potion of magic {unknown}
 A - 6 potions of haste
 B - 2 potions of invisibility
 D - 2 potions of flight {unknown}
 M - a potion of cancellation {unknown}
 P - a potion of ambrosia
Miscellaneous
 h - a phantom mirror
Comestibles
 d - 27 rations


   Skills:
 - Level 4.8 Fighting
 * Level 1.7 Throwing
 - Level 4.0 Armour
 - Level 1.5 Dodging
 - Level 1.0 Stealth
 * Level 6.9 Shields
 - Level 16.0 Unarmed Combat
 - Level 1.2 Spellcasting
 * Level 2.1 Hexes
 - Level 4.0 Transmutations
 - Level 6.3 Earth Magic
 - Level 4.0 Invocations
 - Level 0.2 Evocations


You had 10 spell levels left.
You knew the following spells:

 Your Spells              Type           Power        Failure   Level  Hunger
a - Sandblast             Erth           ###...       13%         1    ##.....
b - Passwall              Tmut/Erth      ##......     32%         2    ###....
c - Confusing Touch       Hex            #.....       58%         1    ##.....

Your spell library contained the following spells:

 Spells                   Type           Power        Failure   Level  Hunger
 Beastly Appendage        Tmut           ##....       34%         1    ##.....
 Sticks to Snakes         Tmut           ##......     47%         2    ###....
 Stone Arrow              Conj/Erth      #.....       83%         3    ####...
 Animate Skeleton         Necr           N/A          88%         1    ##.....
 Apportation              Tloc           #.....       88%         1    ##.....
 Summon Small Mammal      Summ           #...         88%         1    ##.....
 Petrify                  Tmut/Erth      ##......     91%         4    #####..
 Spider Form              Tmut/Pois      #.........   94%         3    ####...
 Lee's Rapid Deconstruct  Erth           ###.......   98%         5    ######.
 Cause Fear               Hex            #.........   100%        4    #####..
 Ice Form                 Ice/Tmut       #.......     100%        4    #####..
 Blade Hands              Tmut           ##........   100%        5    ######.
 Silence                  Hex/Air        #.........   100%        5    ######.
 Yara's Violent Unravell  Hex/Tmut       #.........   100%        5    ######.
 Deflect Missiles         Chrm/Air       #.........   100%        6    #######
 Discord                  Hex            #.........   100%        8    #######


Dungeon Overview and Level Annotations

Branches:
Dungeon (15/15)            Temple (0/1) D:6            Lair (0/6) D:11
    Orc (0/2) D:11         Vaults (0/5) D:13
 Depths: D:15

Altars:
Cheibriados
Dithmenos
Elyvilon
Fedhas
Makhleb
Nemelex Xobeh
Okawaru
Ru
Sif Muna
Trog
Vehumet
Wu Jian
Xom
Yredelemnul

Shops:
D:4 ::   D:6 [

Portals:
Trove: D:11 (give 12 potions of heal wounds)

Annotations:
D:10 1 runed door, Markonkel's ghost, journeyman CeHu
D:14 3 runed doors, Kay's ghost, journeyman TrMo


Innate Abilities, Weirdness & Mutations

You are too large for most types of armour.
You have claws for hands.
Your metabolism is lightning-fast.
You like to eat raw meat.
Your natural rate of healing is unusually fast.
You are covered in fur. (AC +1)
You have very tough skin. (AC +2)


Message History

You barely miss the phantasmal warrior. The phantasmal warrior hits you.
You closely miss the phantasmal warrior.
You block the phantasmal warrior's attack.
You barely miss the phantasmal warrior.
You block the phantasmal warrior's attack.
You scratch the phantasmal warrior.
The phantasmal warrior is lightly damaged.
You block the phantasmal warrior's attack.
The phantasmal warrior hits you!!
* * * LOW HITPOINT WARNING * * *
You completely miss the phantasmal warrior.
You block the phantasmal warrior's attack.
You scratch the phantasmal warrior but do no damage.
You block the phantasmal warrior's attack.
You barely miss the phantasmal warrior.
The phantasmal warrior closely misses you.
You claw the phantasmal warrior!
The phantasmal warrior is moderately damaged.
The phantasmal warrior hits you!!
You die...

####.### ##....# #.#
#..#### ##.# ##.## ##..#
#..# #..## ##.#######
###'############........#
#........##......[......#
#........W..####.<.......
#.......@##.............#
#........##.#########...#
#####'#####.#YC.....#...#
##.# #.#Wl###$.#...#
##..# ##.+CJ###?.#.###
#..## #..+oy...?.#.# #.##
#..+..###:.#.#
#####)######^.#..###y.#.#
#...).........#...J...#.#


You could see a phantasmal warrior.

Vanquished Creatures
  Josephine (D:14)
  4 vault guards
  3 centaur warriors
  A death knight (D:14)
  A queen ant (D:11)
  4 two-headed ogres (D:13)
  2 slime creatures
  2 unseen horrors (D:13)
  A deep elf mage (D:14)
  2 ugly things
  A manticore (D:12)
  5 cyclopes
  Psyche (D:11)
  6 kobold demonologists
  2 freezing wraiths (D:14)
  3 trolls
  A guardian mummy (D:11)
  A merfolk (D:11)
  Grinder (D:6)
  A hornet (D:11)
  Prince Ribbit (D:6)
  2 hippogriffs
  Sigmund (D:5)
  A wyvern (D:14)
  7 wraiths
  A shadow (D:14)
  8 yaks
  A basilisk (D:14)
  2 hungry ghosts
  2 vampire mosquitoes (D:13)
  An acid dragon (D:14)
  3 wargs (D:11)
  10 soldier ants
  Duvessa (D:5)
  An orc warrior (D:7)
  A black bear (D:9)
  A hornet zombie (D:14)
  3 ice beasts
  4 ogres
  A phantom (D:8)
  5 sky beasts
  19 centaurs
  A big kobold (D:10)
  8 bullfrogs
  A water moccasin zombie (D:9)
  Dowan (D:5)
  3 scorpions
  A water moccasin skeleton (D:6)
  6 killer bees (D:8)
  3 wights (D:14)
  7 howler monkeys
  2 bullfrog zombies (D:13)
  3 centaur zombies
  11 crimson imps
  A quasit (D:13)
  6 orc wizards
  9 hounds
  6 jellies
  A bullfrog skeleton (D:4)
  6 orc priests
  A centaur skeleton (D:7)
  5 iguanas
  27 worker ants
  A killer bee zombie (D:6)
  7 big kobold zombies (Ossuary)
  3 hound skeletons
  2 mummies
  A howler monkey zombie (D:10)
  2 worker ant zombies
  3 gnolls (D:5)
  A howler monkey skeleton (D:6)
  12 adders
  3 shadow imps
  3 dart slugs (D:1)
  3 leopard geckos
  36 orcs
  7 spectral bats (Ossuary)
  4 giant cockroaches
  10 hobgoblins
  5 jackals
  3 quokkas
  4 ball pythons
  5 bats
  3 bat simulacra (Ossuary)
  5 frilled lizards
  5 gnoll zombies (Ossuary)
  7 goblins
  3 goblin simulacra (Ossuary)
  4 goblin zombies
  5 hobgoblin zombies (Ossuary)
  14 kobolds
  5 kobold simulacra (Ossuary)
  6 kobold zombies (Ossuary)
  A leopard gecko skeleton (D:5)
  4 orc zombies (Ossuary)
  8 rats
  A rat simulacrum (Ossuary)
  A rat zombie (D:4)
  2 spectral goblins (Ossuary)
  2 spectral kobolds (Ossuary)
  A spectral rat (Ossuary)
420 creatures vanquished.

Vanquished Creatures (others)
  A centaur (D:13)
  A withered plant (D:10)
2 creatures vanquished.

Grand Total: 422 creatures vanquished

Notes
Turn   | Place    | Note
-------+----------+-------------------------------------------
     0 | D:1      | Zebedee the Troll Earth Elementalist began the quest for
                  | the Orb.
     0 | D:1      | Reached XP level 1. HP: 16/16 MP: 1/1
    15 | D:1      | Reached skill level 1 in Unarmed Combat
    60 | D:1      | Reached XP level 2. HP: 14/24 MP: 2/2
   265 | D:1      | Reached skill level 2 in Unarmed Combat
   649 | D:2      | Reached XP level 3. HP: 21/31 MP: 0/3
   869 | D:2      | Found a blossoming altar of Fedhas.
   889 | D:2      | Found a burning altar of Makhleb.
   905 | D:2      | Became a worshipper of Makhleb the Destroyer
  1121 | D:2      | Reached skill level 3 in Unarmed Combat
  1139 | D:2      | Found a bloodstained altar of Trog.
  1287 | D:2      | Found a sacrificial altar of Ru.
  1293 | D:2      | Found a white marble altar of Elyvilon.
  1293 | D:2      | Found a bloodstained altar of Trog.
  1300 | D:2      | Found a shadowy altar of Dithmenos.
  1823 | D:3      | Reached XP level 4. HP: 39/39 MP: 4/4
  1827 | D:3      | Learned a level 2 spell: Passwall
  1993 | D:3      | Reached skill level 4 in Unarmed Combat
  2069 | D:3      | Found a radiant altar of Vehumet.
  2262 | D:3      | Found an iron altar of Okawaru.
  2349 | D:3      | Reached XP level 5. HP: 46/46 MP: 5/5
  2480 | D:4      | Found a sand-covered staircase.
  2569 | Ossuary  | Entered an ossuary
  2582 | Ossuary  | Reached * piety under Makhleb
  2789 | Ossuary  | Reached skill level 5 in Unarmed Combat
  2838 | Ossuary  | Reached ** piety under Makhleb
  2927 | Ossuary  | Reached XP level 6. HP: 54/54 MP: 6/6
  2940 | Ossuary  | Reached skill level 6 in Unarmed Combat
  3164 | D:4      | Found Giutuanu's Book Shoppe.
  3341 | D:4      | Found Godadaz's Book Shoppe.
  3594 | D:4      | Reached skill level 1 in Transmutations
  3904 | D:5      | Entered Level 5 of the Dungeon
  3918 | D:4      | Reached skill level 7 in Unarmed Combat
  3918 | D:4      | Reached XP level 7. HP: 46/61 MP: 7/7
  3948 | D:4      | Reached *** piety under Makhleb
  4098 | D:5      | Noticed Sigmund
  4337 | D:5      | Reached skill level 1 in Fighting
  4410 | D:5      | Killed Sigmund
  4410 | D:5      | Reached skill level 8 in Unarmed Combat
  4419 | D:5      | Noticed Duvessa
  4440 | D:5      | Killed Duvessa
  4440 | D:5      | Reached XP level 8. HP: 67/70 MP: 8/8
  4459 | D:5      | Noticed Dowan
  4464 | D:5      | Killed Dowan
  4509 | D:5      | Found a sparkling altar of Nemelex Xobeh.
  4643 | D:6      | Reached skill level 9 in Unarmed Combat
  4699 | D:6      | Noticed Prince Ribbit
  4719 | D:6      | Killed Prince Ribbit
  4945 | D:6      | Found a staircase to the Ecumenical Temple.
  5213 | D:6      | Noticed Grinder
  5261 | D:6      | Found Quic's Armour Shop.
  5264 | D:6      | Bought a +2 hat for 176 gold pieces
  5280 | D:6      | Paralysed by Grinder for 2 turns
  5289 | D:6      | Paralysed by Grinder for 7 turns
  5300 | D:6      | Killed Grinder
  5300 | D:6      | Reached skill level 10 in Unarmed Combat
  5401 | D:6      | Reached skill level 1 in Invocations
  5428 | D:7      | Reached XP level 9. HP: 69/78 MP: 9/9
  5749 | D:7      | Reached **** piety under Makhleb
  5933 | D:7      | Reached skill level 11 in Unarmed Combat
  6391 | D:7      | Found a basalt altar of Yredelemnul.
  7155 | D:8      | Found an ornate altar of the Wu Jian Council.
  7258 | D:9      | Reached skill level 12 in Unarmed Combat
  7346 | D:9      | Noticed a troll
  7352 | D:9      | Killed a troll
  7352 | D:9      | Reached XP level 10. HP: 86/88 MP: 10/10
  7402 | D:9      | You fall through a shaft for 3 floors!
  7406 | D:12     | Noticed a cyclops
  7425 | D:12     | Killed a cyclops
  7558 | D:12     | Reached ***** piety under Makhleb
  7563 | D:12     | Noticed a soul eater
  7567 | D:12     | Reached skill level 1 in Armour
  7584 | D:12     | Noticed a rust devil
  7591 | D:11     | Found a staircase to the Lair.
  7635 | D:11     | Noticed a green ugly thing
  7643 | D:11     | Killed a green ugly thing
  7643 | D:11     | Reached skill level 13 in Unarmed Combat
  7646 | D:11     | Reached skill level 5 in Earth Magic
  7760 | D:10     | Entered Level 10 of the Dungeon
  8155 | D:9      | Found a sparkling altar of Nemelex Xobeh.
  8382 | D:9      | Found a snail-covered altar of Cheibriados.
  8426 | D:9      | Found a deep blue altar of Sif Muna.
  8786 | D:10     | Noticed a rust devil
  8789 | D:10     | Reached XP level 11. HP: 97/97 MP: 12/12
  8791 | D:10     | Noticed a soul eater
  8798 | D:10     | Found a runed door.
  8811 | D:10     | Noticed Markonkel's ghost (journeyman CeHu)
  9411 | D:11     | Noticed a two-headed ogre
  9462 | D:11     | Noticed Psyche
  9467 | D:11     | Killed Psyche
  9471 | D:11     | Noticed a queen ant
  9493 | D:11     | Killed a queen ant
  9493 | D:11     | Reached skill level 14 in Unarmed Combat
  9683 | D:11     | Reached skill level 1 in Shields
  9712 | D:11     | Found a staircase to the Orcish Mines.
  9757 | D:11     | Noticed a centaur warrior
  9778 | D:11     | Killed a centaur warrior
  9935 | D:11     | Found a portal to a secret trove of treasure.
 10394 | D:12     | Noticed a sixfirhy
 11191 | D:13     | Noticed an unseen horror
 11196 | D:13     | Killed an unseen horror
 11196 | D:13     | Reached skill level 15 in Unarmed Combat
 11196 | D:13     | Reached XP level 12. HP: 107/107 MP: 14/14
 11198 | D:13     | Noticed a two-headed ogre
 11209 | D:13     | Killed a two-headed ogre
 11214 | D:13     | Noticed a two-headed ogre
 11224 | D:13     | Killed a two-headed ogre
 11244 | D:13     | Noticed a centaur warrior
 11258 | D:13     | Killed a centaur warrior
 11425 | D:13     | Noticed a centaur warrior
 11458 | D:13     | Noticed a two-headed ogre
 11466 | D:13     | Killed a two-headed ogre
 11467 | D:13     | Noticed a vault guard
 11483 | D:13     | Killed a vault guard
 11529 | D:13     | Found a gate to the Vaults.
 11615 | D:13     | Reached ****** piety under Makhleb
 11680 | D:13     | Learned a level 1 spell: Confusing Touch
 11699 | D:13     | Noticed a vault guard
 11712 | D:13     | Noticed a vault guard
 11885 | D:13     | Killed a vault guard
 11916 | D:13     | Noticed a two-headed ogre
 11929 | D:13     | Killed a two-headed ogre
 11929 | D:13     | Reached skill level 16 in Unarmed Combat
 11937 | D:13     | Killed a centaur warrior
 11937 | D:13     | Reached skill level 5 in Shields
 11937 | D:13     | Reached skill level 1 in Hexes
 12074 | D:13     | Noticed a vault guard
 12125 | D:12     | Killed a vault guard
 12140 | D:13     | Killed a vault guard
 12274 | D:13     | Found a shimmering altar of Xom.
 12469 | D:14     | Found a runed gate.
 12469 | D:14     | Found a runed gate.
 12469 | D:14     | Found a runed gate.
 12469 | D:14     | Noticed a catoblepas
 12469 | D:14     | Noticed Josephine
 12472 | D:14     | Noticed Kay's ghost (journeyman TrMo)
 12472 | D:14     | Noticed a fire giant
 12474 | D:14     | Killed Josephine
 12474 | D:14     | Reached XP level 13. HP: 117/117 MP: 15/15
 12509 | D:14     | Noticed a fire giant
 12627 | D:14     | Identified a scroll of acquirement
 12719 | D:14     | Reached skill level 1 in Throwing
 13262 | D:15     | Entered Level 15 of the Dungeon
 13284 | D:14     | Slain by a phantasmal warrior

Skill      XL: |  1  2  3  4  5  6  7  8  9 10 11 12 13 |
---------------+----------------------------------------+-----
Unarmed Combat | 1 2 3 4 5 7 8 10 12 13 15 16 | 16.0
Transmutations | 1 2 3 4 |  4.0
Earth Magic    | 3 4 5 6 |  6.3
Fighting       | 1 2 3 4 |  4.8
Invocations    | 1 2 3 4 |  4.0
Armour         | 1 3 4 |  4.0
Shields        | 2 5 6 |  6.9
Hexes          | 1 2 |  2.1
Throwing       | 1 |  1.7
Dodging        | |  1.5
Stealth        | |  1.0
Spellcasting   | |  1.2
Evocations     | |  0.2

Action                   |  1- 3 |  4- 6 |  7- 9 | 10-12 | 13-15 || total
-------------------------+-------+-------+-------+-------+-------++-------
Melee: Unarmed           |   126 |   260 |   362 |   676 |   109 ||  1533
       Punch             |       |     6 |    12 |    12 |       ||    30
Throw: Large rock        |       |       |       |     6 |       ||     6
 Cast: Sandblast         |     1 |       |       |       |       ||     1
Invok: Minor Destruction |       |       |       |     1 |       ||     1
       Lesser Servant of |       |       |       |     1 |       ||     1
Evoke: Wand              |       |       |     9 |     1 |       ||    10
  Use: Scroll            |       |       |    15 |     5 |     7 ||    27
       Potion            |       |       |       |     5 |     1 ||     6
 Stab: Sleeping          |     1 |     6 |     2 |     1 |       ||    10
       Distracted        |     1 |       |       |       |       ||     1
  Eat: Chunk             |    19 |    19 |    32 |    61 |     9 ||   140
       Ration            |       |       |     1 |       |       ||     1
Armor: Robe              |    48 |    62 |    71 |       |       ||   181
       Troll leather arm |       |       |       |   173 |    11 ||   184
Dodge: Dodged            |    67 |    83 |   122 |   154 |    10 ||   436
       Deflected         |       |       |     3 |       |       ||     3
Block: Other             |       |    50 |    83 |    36 |       ||   169
       Reflection        |       |       |     3 |    35 |     2 ||    40
       Shield            |       |       |       |   239 |    16 ||   255
       Large shield      |       |       |       |       |    74 ||    74
